AoeStats
← Pooh1818

African Clearing

505522167Analyzed
2v2 RM · 24d ago on Sep 9, 2026· 55m 14s· 4 players
Game mode
Random Map
Map size
Medium (4 player)
Population
200
Speed
Normal
Resources
Standard
Victory
Conquest
Starting age
Dark Age
Ending age
Imperial Age
RankedLock teamsTeams togetherTeam positionsShared explorationLock speedFull tech treeHidden civsTurbo modeCheats
Victory
Defeat
🇩🇪 Cumans · Germany
1141
+13
🇩🇪 Burgundians · Germany
1060
+16
🇹🇷 Mongols · Türkiye
1132
-17
🇹🇷 Ethiopians · Türkiye
1005
-12
Pooh1818
10:37 Loom
12:22 Feudal Age
16:56 Castle Age
14:56 Double-Bit Axe
15:27 Stone Mining
17:09 Fletching
19:08 Bow Saw
19:16 Bodkin Arrow
20:33 Padded Archer Armor
25:08 Wheelbarrow
25:26 Ballistics
26:28 Hand Cart
26:36 Horse Collar
28:22 Leather Archer Armor
37:31 Imperial Age
37:08 Stone Shaft Mining
36:24 Gold Mining
38:20 Town Watch
39:56 Heavy Plow
43:25 Conscription
44:06 Gold Shaft Mining
45:38 Hoardings
45:09 Elite Mangudai
46:41 Bloodlines
46:32 Husbandry
46:44 Capped Ram
48:33 Bracer
49:17 Siege Ram
52:32 Chemistry
51:38 Light Cavalry
52:51 Drill
53:03 Town Patrol
53:12 Hussar
55:29 Scale Barding Armor
56:06 Parthian Tactics
55:47 Thumb Ring
e4gl3
5:48 Loom
14:01 Feudal Age
14:33 Double-Bit Axe
14:31 Horse Collar
22:08 Castle Age
20:48 Stone Mining
22:25 Padded Archer Armor
22:23 Fletching
23:02 Bow Saw
23:36 Stone Shaft Mining
26:05 Squires
27:01 Scale Mail Armor
27:12 Forging
28:46 Chain Mail Armor
29:23 Gold Mining
34:22 Heavy Plow
34:12 Arson
35:39 Crossbowman
37:35 Thumb Ring
38:07 Leather Archer Armor
41:05 Bodkin Arrow
45:48 Town Watch
46:39 Wheelbarrow
52:07 Iron Casting
Kwuuak
5:54 Loom
11:26 Feudal Age
12:09 Double-Bit Axe
13:41 Horse Collar
16:59 Wheelbarrow
22:55 Castle Age
21:58 Scale Barding Armor
25:34 Bow Saw
25:25 Heavy Plow
31:34 Fletching
39:56 Hand Cart
41:54 Chain Barding Armor
41:37 Gold Mining
41:40 Stone Mining
43:41 Bloodlines
42:54 Light Cavalry
44:00 Forging
46:55 Iron Casting
46:16 Bodkin Arrow
46:36 Elite Skirmisher
47:39 Ballistics
49:58 Imperial Age
47:22 Elite Skirmisher
48:05 Padded Archer Armor
50:37 Leather Archer Armor
50:04 Hussar
51:28 Plate Barding Armor
51:26 Conscription
52:21 Ring Archer Armor
53:44 Blast Furnace
Tilldo
6:40 Loom
13:39 Feudal Age
12:13 Double-Bit Axe
13:13 Horse Collar
18:53 Castle Age
17:14 Bow Saw
17:53 Gold Mining
20:08 Scale Barding Armor
20:16 Forging
22:19 Cavalier
24:06 Wheelbarrow
23:59 Husbandry
27:09 Gold Shaft Mining
29:18 Stone Mining
30:03 Hand Cart
30:58 Iron Casting
31:09 Heavy Plow
33:16 Chain Barding Armor
33:56 Fletching
37:39 Two-Man Saw
37:12 Crop Rotation
40:06 Imperial Age
39:30 Town Watch
40:53 Stone Shaft Mining
40:58 Paladin
44:12 Scale Mail Armor
44:49 Plate Barding Armor
45:15 Blast Furnace
46:23 Town Patrol
47:11 Bodkin Arrow
48:38 Chemistry
49:20 Padded Archer Armor
50:32 Ballistics
Connection lost

Rejoining the realm…

Still unreachable

The connection could not be restored.

Session expired

The server has moved on; the page needs a fresh start.